 Dungeon Crawl Stone Soup version 0.16.1-18-g436b03c (webtiles) character file.

298 masdan the Magician (level 6, 0/24 HPs)
             Began as a Felid Summoner on Apr 29, 2015.
             Killed by divine providence
             ... invoked by an orc priest
              (12 damage)
             ... on level 6 of the Dungeon.
             The game lasted 00:56:22 (8470 turns).

masdan the Magician (Felid Summoner)                Turns: 8470, Time: 00:56:22

Health: 0/24       AC:  2    Str:  4    XL:     6   Next: 13%
Magic:  20/20      EV: 24    Int: 19    God:
Gold:   266        SH:  0    Dex: 19    Spells: 5 memorised, 2 levels left
                                        Lives:  0   Deaths: 2

rFire  . . .     SeeInvis +     (weapon unavailable)
rCold  . . .     Clarity  .     (armour unavailable)
rNeg   . . .     SustAb   .     (shield unavailable)
rPois  .         Gourm    .     (helmet unavailable)
rElec  .         Spirit   .     (cloak unavailable)
rCorr  .         Warding  .     (gloves unavailable)
rMut   .         Stasis   .     (boots unavailable)
MR     .....                    (no amulet)
Stlth  +++.......               s - +3 ring of dexterity
                                v - +5 ring of evasion

@: quick, not resistant to hostile enchantments, fairly stealthy
A: paw claws, no armour, no weapons or thrown items, fangs 3, see invisible,
carnivore 3, speed 1, shaggy fur 2, slow metabolism 1, sharp paws
a: no special abilities


You were on level 6 of the Dungeon.
You were not hungry.

You visited 1 branch of the dungeon, and saw 6 of its levels.

You collected 266 gold pieces.

Inventory:

Hand weapons
 n - a +0 scythe
 E - a +0 giant club
Armour
 e - a +0 cloak
 o - a +0 robe
 u - a +0 ring mail
 C - a +0 chain mail
Jewellery
 g - an uncursed ring of ice
 s - a +3 ring of dexterity (right paw)
 v - a +5 ring of evasion (left paw)
Magical devices
 i - a wand of flame (28)
 t - a wand of polymorph (0)
Scrolls
 a - 2 scrolls of teleportation
 h - 2 scrolls of random uselessness {unknown}
 j - 2 scrolls of enchant weapon {unknown}
 k - a scroll of enchant armour {unknown}
 q - 3 scrolls of identify {unknown}
 w - a scroll of recharging {unknown}
 x - a scroll of magic mapping {unknown}
 y - 4 scrolls of remove curse {unknown}
 A - a scroll of fear {unknown}
 B - a scroll of amnesia {unknown}
 G - a scroll of torment {unknown}
Potions
 f - 3 potions of haste
 l - a potion of curing {unknown}
 m - a potion of heal wounds {unknown}
 r - a potion of lignification {unknown}
 z - 2 potions of might {unknown}
 D - a potion of invisibility
 H - a potion of restore abilities {unknown}
 I - a potion of magic {unknown}
Books
 b - a book of Callings

   Spells                             Type                      Level
   a - Summon Small Mammal            Summoning                    1
   b - Call Imp                       Summoning                    2
   c - Call Canine Familiar           Summoning                    3
   d - Summon Guardian Golem          Hexes/Summoning              4
   e - Summon Lightning Spire         Summoning/Air                4
   f - Summon Ice Beast               Ice/Summoning                4
Comestibles
 c - 2 meat rations
 d - 2 slices of pizza
 p - a bread ration


   Skills:
 - Level 3.2 Dodging
 - Level 3.1 Stealth
 + Level 5.8 Spellcasting
 * Level 2.0 Hexes
 - Level 4.4 Summonings
 - Level 4.0 Ice Magic


You had 2 spell levels left.
You knew the following spells:

 Your Spells              Type           Power        Failure   Level  Hunger
a - Summon Small Mammal   Summ           ###.         1%          1    None
b - Call Imp              Summ           ###.....     3%          2    None
c - Call Canine Familiar  Summ           ###.....     8%          3    ##.....
d - Summon Ice Beast      Ice/Summ       ###.....     21%         4    ####...
e - Summon Guardian Gole  Hex/Summ       ###.....     34%         4    ####...


Dungeon Overview and Level Annotations

Branches:
Dungeon (6/15)
 Temple: D:4-7

Altars:
Cheibriados
Dithmenos
Makhleb
Qazlal
Vehumet
Xom
Zin


Innate Abilities, Weirdness & Mutations

You cannot wear armour.
You are incapable of wielding weapons or throwing items.
You have razor-sharp teeth.
You have supernaturally acute eyesight.
You are carnivorous and can eat meat at any time.
You cover ground quickly.
You are covered in thick fur (AC +2).
You have a slow metabolism.
Your paws have sharp claws that are effective at stabbing.


Message History

You easily resist.
An orc wizard comes into view. It is wielding a dagger.
Your crimson imp blinks!
Found a viscous cyan potion.
You scratch the orc wizard but do no damage.
Your hound bites the orc wizard.
The orc priest calls upon Beogh to heal the orc wizard.
The orc wizard's wounds heal themselves!
The orc wizard casts a spell at you. The magic dart hits you!
You barely miss the orc wizard.
Your hound closely misses the orc wizard.
The orc wizard barely misses you.
Your hound bites the orc wizard but does no damage.
You closely miss the orc wizard.
Your hound bites the orc wizard but does no damage.
The orc priest calls down the wrath of Beogh upon you.
Something smites you!
Ouch! That really hurt!
You die...

#####....^# .!..
........#.#####.......
......#................
.....)###).####.........
.#..........<......(....
..(......).####.........
.....%....)..o###.....#
o.......)).##..h.#
#.#.........#..o@#
#.#........)##...#
#.....##.([..†.###
#......#.##.####
.........##.#
#.......###.## #.....###
#..# #.##### ##.## .
#..#


You could see an orc priest, an orc wizard and a friendly hound.

Vanquished Creatures
  A giant frog (D:5)
  A scorpion (D:6)
  An orc priest (D:4)
  An adder (D:4)
  2 bats
  4 goblins
  6 hobgoblins
  A jackal (D:2)
  A quokka (D:2)
  A giant cockroach (D:4)
  2 giant newts (D:1)
  5 kobolds
  8 rats
  2 butterflies (D:2)
36 creatures vanquished.

Vanquished Creatures (collateral kills)
  Eustachio (D:6)
  A necrophage (D:6)
  2 ogres
  Sigmund (D:2)
  2 giant frogs (D:6)
  A scorpion (D:5)
  A goliath beetle (D:6)
  A crimson imp (D:5)
  A jelly (D:5)
  3 orc priests
  An orc wizard (D:5)
  3 worker ants
  Ijyb (D:3)
  Terence (D:2)
  Robin (D:2)
  9 gnolls (D:5)
  4 adders
  A shadow imp (D:5)
  2 giant mites
  3 worms
  An ufetubus (D:6)
  2 adder skeletons (D:4)
  2 giant geckos (D:2)
  2 oozes
  16 orcs
  5 ball pythons
  A bat (D:6)
  A bat zombie (D:6)
  3 giant cockroaches
  A gnoll zombie (D:5)
  15 goblins
  12 hobgoblins
  7 jackals (D:2)
  4 quokkas
  A giant mite zombie (D:5)
  8 giant newts
  A gnoll skeleton (D:5)
  9 kobolds
  13 rats
144 creatures vanquished.

Vanquished Creatures (others)
  2 ice beasts (D:6)
  5 crimson imps
  17 hounds
  An orc wizard (D:4)
  5 shadow imps
  4 white imps
  A ball python (D:3)
  8 quokkas
  6 bats
  A giant spore (D:6)
  6 rats
56 creatures vanquished.

Grand Total: 236 creatures vanquished

Notes
Turn   | Place    | Note
--------------------------------------------------------------
     0 | D:1      | masdan, the Felid Summoner, began the quest for the Orb.
     0 | D:1      | Reached XP level 1. HP: 7/7 MP: 4/4
   356 | D:1      | Reached XP level 2. HP: 9/11 MP: 1/5
  1043 | D:1      | Found a snail-covered altar of Cheibriados.
  1508 | D:2      | Noticed Robin
  1637 | D:2      | Killed Robin
  1637 | D:2      | Reached XP level 3. HP: 11/14 MP: 6/8
  1752 | D:2      | Learned a level 2 spell: Call Imp
  1756 | D:2      | Learned a level 3 spell: Call Canine Familiar
  2249 | D:2      | Found a shimmering altar of Xom.
  2481 | D:2      | Noticed Sigmund
  2506 | D:2      | Killed Sigmund
  2506 | D:2      | Reached XP level 4. HP: 18/18 MP: 1/13
  2614 | D:2      | Learned a level 4 spell: Summon Ice Beast
  2966 | D:2      | Noticed Terence
  2987 | D:2      | Killed Terence
  2987 | D:2      | Reached skill level 1 in Ice Magic
  3546 | D:3      | Noticed Ijyb
  3548 | D:3      | Lost strength.
  3557 | D:3      | Noticed a wolf
  3557 | D:3      | a hound changed into a wolf
  3560 | D:3      | Noticed a spider
  3560 | D:3      | a wolf changed into a spider
  3603 | D:3      | Killed Ijyb
  3828 | D:3      | Reached XP level 5. HP: 21/21 MP: 8/14
  4202 | D:3      | Found a radiant altar of Vehumet.
  5332 | D:4      | Noticed an ogre
  5348 | D:4      | Killed an ogre
  5686 | D:4      | Found a stormy altar of Qazlal.
  5915 | D:4      | Gained mutation: You are covered in thick fur (AC +2). [growing up]
  5915 | D:4      | Reached XP level 6. HP: 6/24 MP: 9/17
  6219 | D:5      | Entered Level 5 of the Dungeon
  6618 | D:5      | Found a burning altar of Makhleb.
  6619 | D:5      | Noticed a blizzard demon
  6620 | D:5      | Found a glowing silver altar of Zin.
  6621 | D:5      | Noticed an angel
  7167 | D:5      | Found a shadowy altar of Dithmenos.
  7797 | D:5      | Reached XP level 7. HP: 27/27 MP: 18/21
  7810 | D:5      | Learned a level 4 spell: Summon Guardian Golem
  7821 | D:5      | Reached skill level 5 in Spellcasting
  8037 | D:6      | Slain by a giant frog
  8038 | D:6      | Reached XP level 6. HP: 0/24 MP: 3/20
  8038 | D:6      | Noticed Eustachio
  8083 | D:6      | Reached skill level 1 in Hexes
  8091 | D:6      | Slain by a quasit
  8092 | D:6      | Reached XP level 5. HP: 0/21 MP: 4/18
  8158 | D:6      | Found a snail-covered altar of Cheibriados.
  8195 | D:6      | Killed Eustachio
  8218 | D:6      | Reached XP level 6. HP: 24/24 MP: 4/20
  8470 | D:6      | Killed from afar by an orc priest

Action                   |  1- 3 |  4- 6 |  7- 9 || total
-------------------------+-------+-------+-------++-------
Melee: Unarmed           |    85 |    75 |     3 ||   163
 Cast: Summon Small Mamm |    37 |     1 |       ||    38
       Call Imp          |    11 |    78 |     6 ||    95
       Call Canine Famil |     9 |    53 |     5 ||    67
       Summon Ice Beast  |       |     8 |     2 ||    10
  Use: Scroll            |       |     1 |       ||     1
 Stab: Sleeping          |     3 |     5 |       ||     8
       Distracted        |       |     2 |       ||     2
  Eat: Chunk             |     3 |    13 |       ||    16
       Royal jelly       |       |     1 |       ||     1
       Pizza             |       |     2 |       ||     2
